TOP OF THE 1ST |
Lexington Legends batting - Pitching for Beloit Snappers : RHP Andrew Douglas
|
Pitching: RHP Andrew Douglas
|
|
Batting: RHB Danny Weisse
|
0-0: Ball 1-0: Foul Ball, location: 2F 1-1: Ball 2-1: Ball 3-1: Foul Ball, location: 2F 3-2: Base on Balls
|
Batting: RHB Justin Bonner
|
0-0: Ball Danny Weisse steals 2nd base 1-0: SINGLE (Line Drive, 9LS, EV 110.0 MPH) Danny Weisse to third
|
Batting: LHB Danny Bailey
|
0-0: Called Strike 0-1: Called Strike Justin Bonner steals 2nd base 0-2: Ball 1-2: Ball 2-2: Fly out, F8 (Flyball, 8RM, EV 92.5 MPH) Runner from 3rd tags up, OUT at HOME! 8-2 Justin Bonner to third
|
Batting: LHB Robby Diaz
|
0-0: Swinging Strike 0-1: Ball 1-1: Ball 2-1: Ground out U3 (Groundball, 3, EV 86.3 MPH)
|
Top of the 1st over - 0 runs, 1 hit, 0 errors, 1 left on base; Lexington 0 - Beloit 0 |
BOTTOM OF THE 1ST |
Beloit Snappers batting - Pitching for Lexington Legends : LHP Joel Page
|
Pitching: LHP Joel Page
|
|
Batting: RHB Willie de los Santos
|
0-0: Called Strike 0-1: Foul Ball, location: 2F 0-2: Strikes out swinging
|
Batting: RHB Dan Boylan
|
0-0: Ball 1-0: Ball 2-0: Ball 3-0: Base on Balls
|
Batting: RHB Scott Wiggs
|
0-0: Ball 1-0: Ball 2-0: Called Strike 2-1: Ball 3-1: SINGLE (Groundball, 6MS, EV 68.8 MPH) (infield hit) Dan Boylan to second
|
Pitching: RHP Terry Romaine
|
|
Batting: RHB Manny Vizzerra
|
0-0: Foul Ball, location: 2F 0-1: Ball 1-1: Ball 2-1: Foul Ball, location: 2F 2-2: Strikes out swinging
|
Batting: RHB Moses Brokken
|
0-0: Called Strike 0-1: SINGLE (Line Drive, 7LS, EV 104.4 MPH) Dan Boylan to third Scott Wiggs to second Runner from 3rd tries for Home, SAFE, throw by LF to home
|
Batting: RHB Kyle Waters
|
0-0: Swinging Strike 0-1: Ball 1-1: Foul Ball, location: 2F 1-2: Foul Ball, location: 2F 1-2: Fly out, F9 (Flyball, 9S, EV 73.1 MPH)
|
Bottom of the 1st over - 1 run, 2 hits, 0 errors, 2 left on base; Lexington 0 - Beloit 1 |
TOP OF THE 2ND |
Lexington Legends batting - Pitching for Beloit Snappers : RHP Andrew Douglas
|
Batting: RHB Kevin Roseen
|
0-0: Fly out, F7 (Line Drive, 7LM, EV 94.4 MPH)
|
Batting: SHB Jared O'Connor
|
0-0: Called Strike 0-1: Ball 1-1: Ball 2-1: Ball 3-1: Base on Balls
|
Batting: RHB Alex Cid
|
0-0: Ball Jared O'Connor is caught stealing 2nd base 2-4 1-0: Foul Ball, location: 2F 1-1: Foul Ball, location: 2F 1-2: Foul Ball, location: 2F 1-2: Ground out 6-3 (Groundball, 56, EV 88.1 MPH)
|
Top of the 2nd over - 0 runs, 0 hits, 0 errors, 0 left on base; Lexington 0 - Beloit 1 |
BOTTOM OF THE 2ND |
Beloit Snappers batting - Pitching for Lexington Legends : RHP Terry Romaine
|
Batting: RHB Rick Linders
|
0-0: Called Strike 0-1: Swinging Strike 0-2: Ball 1-2: Fly out, F9 (Flyball, 9, EV 77.5 MPH)
|
Batting: RHB Brian Rathbun
|
0-0: Foul Ball, location: 2F 0-1: Ball 1-1: Called Strike 1-2: Foul Ball, location: 2F 1-2: Ball 2-2: Ball 3-2: Foul Ball, location: 2F 3-2: Foul Ball, location: 2F 3-2: Strikes out swinging
|
Batting: LHB Raita Inouye
|
0-0: Called Strike 0-1: Ball 1-1: Swinging Strike 1-2: Fly out, F8 (Flyball, 8LD, EV 95.6 MPH)
|
Bottom of the 2nd over - 0 runs, 0 hits, 0 errors, 0 left on base; Lexington 0 - Beloit 1 |
TOP OF THE 3RD |
Lexington Legends batting - Pitching for Beloit Snappers : RHP Andrew Douglas
|
Batting: RHB Andy Urquhart
|
0-0: Called Strike 0-1: Called Strike 0-2: Foul Ball, location: 2F 0-2: Ball 1-2: Strikes out swinging
|
Batting: RHB Josh Martin
|
0-0: Called Strike 0-1: Swinging Strike 0-2: Fly out, F9 (Flyball, 9S, EV 90.0 MPH)
|
Batting: RHB Danny Weisse
|
0-0: Ball 1-0: Ball 2-0: Ground out 4-3 (Groundball, 4, EV 84.4 MPH)
|
Top of the 3rd over - 0 runs, 0 hits, 0 errors, 0 left on base; Lexington 0 - Beloit 1 |
BOTTOM OF THE 3RD |
Beloit Snappers batting - Pitching for Lexington Legends : RHP Terry Romaine
|
Batting: RHB Willie de los Santos
|
0-0: Ball 1-0: Called Strike 1-1: DOUBLE (Line Drive, 89D, EV 104.4 MPH)
|
Batting: RHB Dan Boylan
|
0-0: Ball 1-0: Swinging Strike 1-1: Ball 2-1: Fly out, F6 (Line Drive, 6, EV 68.8 MPH)
|
Batting: RHB Scott Wiggs
|
0-0: Called Strike 0-1: Fly out, F8 (Flyball, 78D, EV 98.8 MPH)
|
Batting: RHB Manny Vizzerra
|
0-0: SINGLE (Groundball, 34D, EV 104.4 MPH) Willie de los Santos to third
|
Batting: RHB Moses Brokken
|
0-0: Ball 1-0: Fly out, F5 (Popup, 5F, EV 73.1 MPH)
|
Bottom of the 3rd over - 0 runs, 2 hits, 0 errors, 2 left on base; Lexington 0 - Beloit 1 |
TOP OF THE 4TH |
Lexington Legends batting - Pitching for Beloit Snappers : RHP Andrew Douglas
|
Batting: RHB Justin Bonner
|
0-0: Swinging Strike 0-1: Foul Ball, location: 2F 0-2: Ball 1-2: Strikes out swinging
|
Batting: LHB Danny Bailey
|
0-0: Called Strike 0-1: Reached on error, E9 (Flyball, 9LD, EV 108.1 MPH)
|
Batting: LHB Robby Diaz
|
0-0: Ball Danny Bailey steals 2nd base 1-0: Called Strike Danny Bailey steals 3rd base 1-1: Called Strike 1-2: Foul Ball, location: 2F 1-2: Ball 2-2: Foul Ball, location: 2F 2-2: Ball 3-2: Base on Balls
|
Batting: RHB Kevin Roseen
|
0-0: Ball 1-0: Ball 2-0: Ball 3-0: Called Strike 3-1: Base on Balls Robby Diaz to second
|
Batting: SHB Jared O'Connor
|
0-0: Ball 1-0: Ball 2-0: Ball 3-0: Base on Balls Danny Bailey scores Robby Diaz to third Kevin Roseen to second
|
Batting: RHB Alex Cid
|
0-0: Called Strike 0-1: Swinging Strike 0-2: Fly out, F9 (Line Drive, 9, EV 94.4 MPH)
|
Batting: RHB Andy Urquhart
|
0-0: Fly out, F9 (Flyball, 89S, EV 81.3 MPH)
|
Top of the 4th over - 1 run, 0 hits, 1 error, 3 left on base; Lexington 1 - Beloit 1 |
BOTTOM OF THE 4TH |
Beloit Snappers batting - Pitching for Lexington Legends : RHP Terry Romaine
|
Batting: RHB Kyle Waters
|
0-0: Ball 1-0: Foul Ball, location: 2F 1-1: Ball 2-1: SINGLE (Line Drive, 7S, EV 95.0 MPH)
|
Pitching: LHP Anton Erlykov
|
|
Batting: RHB Rick Linders
|
0-0: Ball 1-0: Foul Ball, location: 2F 1-1: Foul Ball, location: 2F 1-2: Strikes out swinging
|
Batting: RHB Brian Rathbun
|
0-0: Foul Ball, location: 2F 0-1: Ball Kyle Waters steals 2nd base 1-1: Ball 2-1: Ball 3-1: Called Strike 3-2: Foul Ball, location: 2F 3-2: Strikes out swinging
|
Batting: LHB Raita Inouye
|
0-0: Foul Ball, location: 2F 0-1: Called Strike 0-2: Strikes out swinging
|
Bottom of the 4th over - 0 runs, 1 hit, 0 errors, 1 left on base; Lexington 1 - Beloit 1 |
TOP OF THE 5TH |
Lexington Legends batting - Pitching for Beloit Snappers : RHP Andrew Douglas
|
Pitching: RHP C.J. Ledger
|
|
Batting: RHB Josh Martin
|
0-0: Ball 1-0: Called Strike 1-1: Ground out 4-3 (Groundball, 4, EV 101.9 MPH)
|
Batting: RHB Danny Weisse
|
0-0: Bunt missed! 0-1: Ball 1-1: Called Strike 1-2: Ball 2-2: Fly out, F9 (Flyball, 9D, EV 99.4 MPH)
|
Batting: RHB Justin Bonner
|
0-0: Called Strike 0-1: Swinging Strike 0-2: Strikes out swinging
|
Top of the 5th over - 0 runs, 0 hits, 0 errors, 0 left on base; Lexington 1 - Beloit 1 |
BOTTOM OF THE 5TH |
Beloit Snappers batting - Pitching for Lexington Legends : LHP Anton Erlykov
|
Batting: RHB Willie de los Santos
|
0-0: Ball 1-0: Ball 2-0: Ball 3-0: Base on Balls
|
Batting: RHB Dan Boylan
|
0-0: Called Strike 0-1: Ball 1-1: Fielders Choice at 2nd, 6-4 (Groundball, 6, EV 84.4 MPH)
|
Batting: RHB Scott Wiggs
|
0-0: Ball 1-0: Called Strike 1-1: Called Strike Dan Boylan steals 2nd base (no throw) 1-2: Ball 2-2: Foul Ball, location: 2F 2-2: Strikes out swinging
|
Batting: RHB Manny Vizzerra
|
0-0: Called Strike 0-1: Foul Ball, location: 2F 0-2: Ball 1-2: Strikes out looking
|
Bottom of the 5th over - 0 runs, 0 hits, 0 errors, 1 left on base; Lexington 1 - Beloit 1 |
TOP OF THE 6TH |
Lexington Legends batting - Pitching for Beloit Snappers : RHP C.J. Ledger
|
Batting: LHB Danny Bailey
|
0-0: Ball 1-0: Foul Ball, location: 2F 1-1: Called Strike 1-2: Fly out, F7 (Flyball, 7LM, EV 85.6 MPH)
|
Batting: LHB Robby Diaz
|
0-0: Ball 1-0: Called Strike 1-1: Ball 2-1: Ground out 2-3 (Groundball, 13S, EV 75.6 MPH)
|
Batting: RHB Kevin Roseen
|
0-0: Called Strike 0-1: Ball 1-1: Ball 2-1: Ball 3-1: Base on Balls
|
Batting: SHB Jared O'Connor
|
0-0: Ball 1-0: Ball 2-0: Called Strike 2-1: Fly out, F8 (Flyball, 8RS, EV 76.9 MPH)
|
Top of the 6th over - 0 runs, 0 hits, 0 errors, 1 left on base; Lexington 1 - Beloit 1 |
BOTTOM OF THE 6TH |
Beloit Snappers batting - Pitching for Lexington Legends : LHP Anton Erlykov
|
Batting: RHB Moses Brokken
|
0-0: Ball 1-0: Foul Ball, location: 2F 1-1: Ball 2-1: Called Strike 2-2: Ball 3-2: Foul Ball, location: 2F 3-2: Base on Balls
|
Pitching: LHP Ken Milhouse
|
|
Batting: RHB Kyle Waters
|
0-0: Ball Moses Brokken steals 2nd base 1-0: Called Strike 1-1: Fly out, F3 (Popup, 34, EV 60.6 MPH)
|
Batting: RHB Rick Linders
|
0-0: Called Strike 0-1: Ball 1-1: Ground out 4-3 (Groundball, 4S, EV 66.3 MPH) Moses Brokken to third
|
Batting: RHB Brian Rathbun
|
0-0: Ball 1-0: Ground out 4-3 (Groundball, 4, EV 85.0 MPH)
|
Bottom of the 6th over - 0 runs, 0 hits, 0 errors, 1 left on base; Lexington 1 - Beloit 1 |
TOP OF THE 7TH |
Lexington Legends batting - Pitching for Beloit Snappers : RHP C.J. Ledger
|
Pitching: RHP Rich Reinbolt
|
|
Batting: RHB Alex Cid
|
0-0: Called Strike 0-1: Ground out 4-3 (Groundball, 4, EV 81.3 MPH)
|
Batting: RHB Andy Urquhart
|
0-0: Ball 1-0: Foul Ball, location: 2F 1-1: Ground out 5-3 (Groundball, 56, EV 109.4 MPH)
|
Batting: RHB Josh Martin
|
0-0: Ball 1-0: Ball 2-0: Foul Ball, location: 2F 2-1: TRIPLE (Flyball, 9LD, EV 110.0 MPH)
|
Batting: RHB Danny Weisse
|
0-0: Ball 1-0: Fly out, F7 (Flyball, 78XD, EV 94.4 MPH)
|
Top of the 7th over - 0 runs, 1 hit, 0 errors, 1 left on base; Lexington 1 - Beloit 1 |
BOTTOM OF THE 7TH |
Beloit Snappers batting - Pitching for Lexington Legends : LHP Ken Milhouse
|
Batting: LHB Raita Inouye
|
0-0: Called Strike 0-1: Ground out 4-3 (Groundball, 4, EV 87.5 MPH)
|
Batting: RHB Willie de los Santos
|
0-0: Ball 1-0: Ball 2-0: Foul Ball, location: 2F 2-1: Foul Ball, location: 2F 2-2: Strikes out looking
|
Batting: RHB Dan Boylan
|
0-0: Called Strike 0-1: Foul Ball, location: 2F 0-2: Ball 1-2: Ground out 5-3 (Groundball, 56, EV 104.4 MPH)
|
Bottom of the 7th over - 0 runs, 0 hits, 0 errors, 0 left on base; Lexington 1 - Beloit 1 |
TOP OF THE 8TH |
Lexington Legends batting - Pitching for Beloit Snappers : RHP Rich Reinbolt
|
Batting: RHB Justin Bonner
|
0-0: Ball 1-0: Ball 2-0: Ball 3-0: Called Strike 3-1: Called Strike 3-2: Foul Ball, location: 2F 3-2: Strikes out swinging
|
Batting: LHB Danny Bailey
|
0-0: Ball 1-0: Called Strike 1-1: Foul Ball, location: 2F 1-2: Ground out 6-3 (Groundball, 6, EV 88.1 MPH)
|
Batting: LHB Robby Diaz
|
0-0: Ball 1-0: Ball 2-0: Ball 3-0: Base on Balls
|
Batting: RHB Kevin Roseen
|
0-0: Ball 1-0: Foul Ball, location: 2F 1-1: Fielders Choice at 2nd, 6-4 (Groundball, 6, EV 85.0 MPH)
|
Top of the 8th over - 0 runs, 0 hits, 0 errors, 1 left on base; Lexington 1 - Beloit 1 |
BOTTOM OF THE 8TH |
Beloit Snappers batting - Pitching for Lexington Legends : LHP Ken Milhouse
|
Pitching: RHP Alex Sanders
|
|
Batting: RHB Scott Wiggs
|
0-0: Called Strike 0-1: Ball 1-1: Foul Ball, location: 2F 1-2: Fly out, F9 (Line Drive, 9S, EV 108.1 MPH)
|
Pinch Hitting: LHB Tom Raupp
|
0-0: Called Strike 0-1: DOUBLE (Line Drive, 5D, EV 105.6 MPH)
|
Batting: RHB Moses Brokken
|
0-0: Called Strike 0-1: Ball 1-1: Ball 2-1: Ball 3-1: 2-RUN HOME RUN (Line Drive, 89XD, EV 103.1 MPH), Distance : 396 ft
|
Batting: RHB Kyle Waters
|
0-0: Swinging Strike 0-1: Foul Ball, location: 2F 0-2: Ground out U3 (Groundball, 34, EV 102.5 MPH)
|
Batting: RHB Rick Linders
|
0-0: Called Strike 0-1: Ball 1-1: Ball 2-1: Ball 3-1: Base on Balls
|
Batting: RHB Brian Rathbun
|
0-0: Ball Rick Linders is caught stealing 2nd base 2-4
|
Bottom of the 8th over - 2 runs, 2 hits, 0 errors, 0 left on base; Lexington 1 - Beloit 3 |
TOP OF THE 9TH |
Lexington Legends batting - Pitching for Beloit Snappers : RHP Rich Reinbolt
|
Pitching: RHP Ubbe Dekker
|
|
Now at 1B: Jim Conrad
|
|
Batting: SHB Jared O'Connor
|
0-0: Ball 1-0: Fly out, F9 (Flyball, 9S, EV 77.5 MPH)
|
Pinch Hitting: LHB Ho-win Zhou
|
0-0: Ball 1-0: Swinging Strike 1-1: Foul Ball, location: 2F 1-2: Foul Ball, location: 2F 1-2: Foul Ball, location: 2F 1-2: Foul Ball, location: 2F 1-2: Ball 2-2: Strikes out swinging
|
Batting: RHB Andy Urquhart
|
0-0: Called Strike 0-1: Ball 1-1: SINGLE (Groundball, 6D, EV 106.3 MPH)
|
Batting: RHB Josh Martin
|
0-0: Foul Ball, location: 2F 0-1: Foul Ball, location: 2F 0-2: Ball 1-2: Ground out 5-3 (Groundball, 56S, EV 66.3 MPH)
|
Top of the 9th over - 0 runs, 1 hit, 0 errors, 1 left on base; Lexington 1 - Beloit 3 |
|